 Dungeon Crawl Stone Soup version 0.28-a0-529-g3bad584f25 (webtiles) character file.

Game seed: 158525723817917040

15 peenler the Skirmisher (level 2, 0/22 HPs)
             Began as a Djinni Chaos Knight on Sept 24, 2021.
             Was a Plaything of Xom.
             Slain by a white imp (3 damage)
             ... summoned by Xom
             ... on level 1 of the Dungeon.
             The game lasted 00:02:09 (1084 turns).

peenler the Skirmisher (Djinni Chaos Knight)        Turns: 1084, Time: 00:02:09

Health: 0/22       AC:  6    Str: 11    XL:     2   Next: 65%
Gold:   7          EV:  9    Int: 13    God:    Xom [......] SH:  0 Dex: 12

rFire   + + .      SeeInvis .   a - +0 falchion (chaos)
rCold   x . .      Faith    .   (no shield)
rNeg    . . .      Spirit   .   d - +0 scale mail
rPois   ∞          Reflect  .   (no helmet)
rElec   .          Harm     .   (no cloak)
rCorr   .          Rampage  .   (no gloves)
Will    .....                   (boots unavailable)
Stlth   ..........              (no amulet)
HPRegen 0.07/turn               (no ring)
MPRegen 0.00/turn               (no ring)

@: flying
A: sickness immunity, fire resistance 2, cold vulnerability 1, float, innate
caster, hp casting, extra vitality 1, deterioration 1, frail 1, screaming 1
a: Renounce Religion


You were on level 1 of the Dungeon.
You worshipped Xom.
You were a very special plaything of Xom.
You visited 1 branch of the dungeon, and saw 1 of its levels.

You collected 7 gold pieces.

Inventory:

Hand Weapons
 a - a +0 falchion of chaos (weapon)
Armour
 b - a +2 leather armour
 d - a +0 scale mail (worn)
Scrolls
 c - a scroll of identify {unknown}
Potions
 e - a potion of heal wounds {unknown}


   Skills:
 + Level 3.4 Fighting
 + Level 2.9 Long Blades
 + Level 1.0 Armour
 + Level 2.4 Dodging


You had one spell level left.
You didn't know any spells.
Your spell library was empty.

Dungeon Overview and Level Annotations

Branches:
Dungeon (1/15)

Altars:


Innate Abilities, Weirdness & Mutations

You are immune to sickness and miasma.
You are immune to poison.
Your flesh is very heat resistant. (rF++)
You are vulnerable to cold. (rC-)
You float through the air rather than walking.
You learn spells naturally, not from books.
Your magical power is your life essence.
You have superior vitality. (+4 HP)
Your body sometimes deteriorates upon taking damage.
You are frail. (-10% HP)
You occasionally shout uncontrollably at your foes.


Message History

"Fight to survive, mortal."
There are monsters nearby!
The ufetubus barely misses you. x2
You closely miss the ufetubus. The ufetubus barely misses you.
The ufetubus closely misses you. x2; The ufetubus hits you.
The white imp barely misses you.
You barely miss the ufetubus. The ufetubus barely misses you.
The ufetubus hits you but does no damage.
The white imp hits you but does no damage.
You miss the ufetubus. The ufetubus hits you.
The ufetubus hits you but does no damage. x3
The white imp hits you but does no damage.
You hit the white imp.
The white imp's magic leaks into the air.
The white imp is moderately wounded.
The ufetubus completely misses you.
The ufetubus hits you but does no damage.
The white imp barely misses you.
The ufetubus hits you but does no damage. x2
You miss the ufetubus.
The ufetubus hits you but does no damage.
The ufetubus misses you. The white imp gestures at you.
The puff of frost hits you!
You feel a terrible chill!
Ouch! That really hurt!
* * * LOW HITPOINT WARNING * * *
The ufetubus hits you but does no damage. x2
You closely miss the ufetubus.
The white imp falters for a moment.
The ufetubus barely misses you. x2
You miss the ufetubus. The ufetubus closely misses you.
The ufetubus hits you but does no damage.
The white imp hits you but does no damage.
The ufetubus hits you but does no damage. x2
The white imp puffs mist at you. The white imp hits you.
* * * LOW HITPOINT WARNING * * *
The white imp freezes you.
You feel a terrible chill!
Xom roars with laughter!
You die... "I guess I need a new plaything now."

#...(.<.....###........l.
#..8.§§§§8....#.#####.###
#...§§≈≈....#.# ########
#.##≈§§§§##.#.# #.......
#.##§≈≈§≈##.#.# #.######
#.##§≈>§≈##.#.#######.#.....
#.#########.#.##..).........
#.#########5#..#.####.#)####
#..........@5.......#.#.†..†
############.....##.#.######
#..................#.#
#.#########.#.######.#
#.#..........).......###
#.#.#####.#...########..
#.#.# #.#..........#.##
#.#.# #.#....#####.#..###
#.#.# #.##[#.# #.#....


You could see a white imp (summoned) and an ufetubus (summoned).

Vanquished Creatures
  A dart slug (D:1)
  An orc (D:1)
  A bat (D:1)
  2 endoplasms (D:1)
  A goblin (D:1)
  2 ball pythons (D:1)
  2 kobolds (D:1)
  2 rats (D:1)
12 creatures vanquished.

Notes
Turn   | Place    | Note
-------+----------+-------------------------------------------
     0 | D:1      | peenler the Djinni Chaos Knight began the quest for the
                  | Orb.
     0 | D:1      | Reached XP level 1. HP: 20/20 MP: 0/0
    76 | D:1      | XOM: silly message
   246 | D:1      | XOM: give mutations
   246 | D:1      | Gained mutation: You occasionally shout uncontrollably at
                  | your foes. [Xom's mischief]
   246 | D:1      | Gained mutation: You are frail. (-10% HP) [Xom's mischief]
   246 | D:1      | Gained mutation: Your body sometimes deteriorates upon
                  | taking damage. [Xom's mischief]
   440 | D:1      | Reached XP level 2. HP: 22/22 MP: 0/0
   635 | D:1      | XOM: noise
   741 | D:1      | XOM: smoke on damage
   748 | D:1      | XOM: smoke on damage
  1005 | D:1      | XOM: 5-stop teleportation journey
  1076 | D:1      | XOM: summons 2 hostile demons
  1084 | D:1      | Slain by a white imp

Illustrated notes

Levels and vault maps discovered:
D:1:      grunt_arrival_lava_bath, layout_basic

Action                   || total
-------------------------++-------
Melee: Falchion          ||    55
Armor: Leather armour    ||     7
       Scale mail        ||    37
Dodge: Dodged            ||    50

Table legend: (Time is in decaauts)
 A = Elapsed time spent in this place.
 B = Non-inter-level travel time spent in this place.
 C = Inter-level travel time spent in this place.
 D = Time resting spent in this place.
 E = Time spent auto-exploring this place.
 F = Levels seen in this place.
 G = Mean time per level.
                   A        B        C        D        E       F      G
               +--------+--------+--------+--------+--------+-----+--------+
         Total |   1092 |   1092 |      0 |    687 |    247 |   1 | 1092.0 |
       Dungeon |   1092 |   1092 |      0 |    687 |    247 |   1 | 1092.0 |
               +--------+--------+--------+--------+--------+-----+--------+

Top non-repeatable levels by time:
     D:1: 1092 daAuts
